 Dungeon Crawl Stone Soup version 0.16-a0-2710-g8b41a68 (webtiles) character file.

91662 Ololoev the Impaler (level 15, -6/98 HPs)
             Began as a Mummy Chaos Knight on Nov 25, 2014.
             Was a Plaything of Xom.
             Mangled by a death yak (11 damage)
             ... on level 8 of the Lair of Beasts on Nov 26, 2014.
             The game lasted 02:35:42 (33288 turns).

Ololoev the Impaler (Mummy Chaos Knight)           Turns: 33288, Time: 02:35:43

Health: -6/98      AC: 12    Str: 20 (21) XL:     15   Next: 55%
Magic:  26/26      EV: 21    Int: 11      God:    Xom
Gold:   1011       SH:  0    Dex: 13      Spells: 0 memorised, 14 levels left

rFire  x . .     SeeInvis .     a - +4 glaive (elec)
rCold  + . .     Clarity  .     u - +0 troll leather armour
rNeg   + + +     SustAb   .     (no shield)
rPois  ∞         Gourm    .     h - +2 helmet
rElec  .         Spirit   .     o - +0 cloak (curse)
rCorr  +         Warding  .     g - +1 pair of gloves
rMut   .         Stasis   .     (no boots)
MR     +....                    r - amulet of resist corrosion
Stlth  +.........               z - +6 ring of evasion
                                l - +3 ring of strength

@: very slightly contaminated, somewhat resistant to hostile enchantments, very
unstealthy
A: no food or potions, fire vulnerability, in touch with death, restore body,
cold resistance 1, negative energy resistance 3, poison resistance, torment
resistance, unbreathing
a: Self-Restoration, Renounce Religion


You were on level 8 of the Lair of Beasts.
You worshipped Xom.
You were a special plaything of Xom.
You were not hungry.

You visited 2 branches of the dungeon, and saw 19 of its levels.

You collected 2541 gold pieces.
You spent 1530 gold pieces at shops.

Notes
Turn   | Place    | Note
--------------------------------------------------------------
     0 | D:1      | Ololoev, the Mummy Chaos Knight, began the quest for the Orb.
     0 | D:1      | Reached XP level 1. HP: 18/18 MP: 1/1
   132 | D:1      | XOM: potion effect (might)
   303 | D:1      | Reached XP level 2. HP: 22/24 MP: 2/2
   303 | D:1      | XOM: silly message
   783 | D:1      | XOM: divination: detect creatures
   864 | D:2      | Noticed Robin
   906 | D:2      | XOM: potion effect (might)
   915 | D:1      | Reached XP level 3. HP: 29/29 MP: 3/3
  1104 | D:2      | XOM: silly message
  1119 | D:2      | XOM: divination: magic mapping
  1131 | D:2      | XOM: smoke on damage
  1261 | D:2      | XOM: silly message
  1321 | D:2      | Killed Robin
  1674 | D:2      | Reached skill level 4 in Polearms
  1727 | D:2      | Reached XP level 4. HP: 35/35 MP: 4/4
  2157 | D:2      | XOM: 2-stop teleportation journey
  2307 | D:3      | Reached XP level 5. HP: 39/41 MP: 5/5
  2322 | D:3      | XOM: 2-stop teleportation journey
  2339 | D:3      | Reached skill level 5 in Polearms
  2576 | D:3      | Noticed Terence
  2580 | D:3      | Killed Terence
  2595 | D:3      | XOM: 2-stop teleportation journey
  2689 | D:3      | Found an iron altar of Okawaru.
  2694 | D:3      | XOM: colour smoke trail
  2766 | D:3      | XOM: silly message
  2792 | D:3      | Noticed Grinder
  2818 | D:3      | Paralysed by Grinder for 3 turns
  2841 | D:3      | Killed Grinder
  2841 | D:3      | Reached XP level 6. HP: 6/47 MP: 6/6
  2934 | D:3      | XOM: harmless Necr miscast
  3165 | D:3      | Noticed Natasha
  3168 | D:3      | XOM: god gift: 41 gold pieces
  3174 | D:3      | XOM: confusion
  3195 | D:3      | Killed Natasha
  3195 | D:3      | Reached skill level 6 in Polearms
  3333 | D:3      | Noticed Natasha
  3334 | D:3      | XOM: harmless Conj miscast
  3339 | D:3      | XOM: harmless Hex miscast
  3343 | D:3      | Killed Natasha
  3561 | D:3      | XOM: medium Conj miscast
  3570 | D:3      | Noticed Natasha
  3580 | D:3      | Killed Natasha
  3825 | D:3      | XOM: smoke on damage
  3876 | D:4      | XOM: divination: magic mapping
  3885 | D:3      | XOM: summons 2 friendly demons
  3888 | D:3      | Reached skill level 1 in Evocations
  3888 | D:3      | Reached XP level 7. HP: 40/52 MP: 6/8
  3904 | D:4      | XOM: polymorph shadow imp -> quasit
  4041 | D:4      | Found a shimmering altar of Xom.
  4058 | D:4      | XOM: potion effect (experience)
  4058 | D:4      | Reached skill level 9 in Polearms
  4058 | D:4      | Reached skill level 5 in Armour
  4058 | D:4      | Reached XP level 8. HP: 55/58 MP: 9/9
  4069 | D:4      | XOM: summons 3 friendly demons
  4234 | D:4      | XOM: harmless Ice miscast
  4422 | D:4      | XOM: summons 2 friendly demons
  4485 | D:4      | XOM: medium Fire miscast
  4841 | D:5      | Entered Level 5 of the Dungeon
  4896 | D:5      | XOM: mild Erth miscast
  4955 | D:5      | Got an ancient leather armour
  5035 | D:5      | Found a white marble altar of Elyvilon.
  5095 | D:5      | Identified the cursed -2 leather armour of the Barber Surgeon {+Inv rCorr SInv} (You found it on level 5 of the Dungeon)
  5152 | D:5      | XOM: medium Ice miscast
  5727 | D:6      | XOM: swap weapons
  6048 | D:6      | Found a burning altar of Makhleb.
  6127 | D:6      | Reached XP level 9. HP: 63/63 MP: 13/13
  6272 | D:6      | XOM: medium Conj miscast
  6362 | D:6      | Noticed a troll
  6415 | D:6      | XOM: cast spell 'Ring of Flames'
  6424 | D:6      | Killed a troll
  6637 | D:6      | XOM: stat loss: -1 Dex (10/11)
  6688 | D:6      | XOM: silly message
  6717 | D:6      | XOM: colour smoke trail
  6916 | D:6      | XOM: harmless Tloc miscast
  7463 | D:6      | XOM: noise
  7600 | D:7      | XOM: cast spell 'Ring of Flames'
  7728 | D:7      | XOM: summons 2 friendly demons
  7936 | D:7      | XOM: divination: detect creatures
  8061 | D:7      | XOM: divination: detect items
  8159 | D:7      | Found a staircase to the Ecumenical Temple.
  8280 | D:7      | XOM: mild Chrm miscast
  8404 | D:7      | XOM: harmless Conj miscast
  8711 | D:7      | XOM: confuse monster(s)
  8797 | D:8      | Noticed Joseph
  8810 | D:8      | Killed Joseph
  8810 | D:8      | Reached skill level 10 in Polearms
  9023 | D:8      | Upgraded the game from 0.16-a0-2702-gfff482a to 0.16-a0-2710-g8b41a68
  9159 | D:8      | Reached XP level 10. HP: 63/70 MP: 18/18
  9218 | D:8      | Reached skill level 5 in Evocations
  9247 | D:8      | Found a staircase to the Lair.
  9247 | D:8      | Noticed a fire drake
  9259 | D:8      | XOM: butterfly on damage
  9260 | D:8      | Killed a fire drake
  9470 | D:8      | XOM: mild Ice miscast
  9523 | D:8      | Noticed an angel
  9524 | D:8      | Found a white marble altar of Elyvilon.
  9526 | D:8      | Found Holoehat's Hallowed Reliquary.
  9574 | D:8      | Found a radiant altar of Vehumet.
  9669 | D:8      | XOM: noise
  9716 | D:8      | XOM: colour smoke trail
  9822 | D:8      | XOM: silly message
 10010 | D:8      | XOM: silly message
 10016 | D:8      | XOM: 3-stop teleportation journey
 10119 | D:8      | XOM: butterfly on damage
 10180 | D:8      | Noticed Pikel
 10192 | D:8      | XOM: medium Necr miscast
 10198 | D:8      | XOM: enchant monster (good)
 10231 | D:8      | Killed Pikel
 10293 | D:8      | XOM: noise
 10449 | D:8      | XOM: colour smoke trail
 10632 | D:9      | XOM: summons friendly shadow imp
 11019 | D:9      | Found a sacrificial altar of Ru.
 11062 | D:9      | XOM: 2-stop teleportation journey
 11188 | D:9      | XOM: potion effect (invisibility)
 11248 | D:9      | Found Iraaf's Food Shoppe.
 11315 | D:9      | XOM: confuse monster(s)
 11339 | D:9      | XOM: noise
 11383 | D:9      | Found a staircase to the Lair.
 11439 | D:9      | Found an ancient bone altar of Kikubaaqudgha.
 11535 | D:8      | Bought a wand of heal wounds (3) for 630 gold pieces
 11618 | D:9      | XOM: blink monster(s)
 11664 | D:9      | XOM: noise
 11759 | D:10     | Entered Level 10 of the Dungeon
 11784 | D:10     | XOM: confusion
 11790 | D:10     | XOM: repel stairs
 11793 | D:10     | XOM: summons 10 friendly demons
 11978 | D:10     | XOM: stat loss: -1 Str (18/19)
 12059 | D:10     | XOM: 4-stop teleportation journey
 12121 | D:10     | XOM: polymorph ogre -> black bear
 12131 | D:10     | Reached XP level 11. HP: 62/75 MP: 21/21
 12237 | D:10     | XOM: chaos cloud
 12252 | D:10     | XOM: smoke on damage
 12273 | D:10     | XOM: vitrification
 12285 | D:10     | XOM: noise
 12411 | D:10     | XOM: smoke on damage
 12426 | D:10     | XOM: 1-stop teleportation journey
 12529 | D:10     | XOM: mild Conj miscast
 12579 | D:10     | XOM: colour smoke trail
 12645 | D:10     | XOM: summons 5 hostile demons
 12852 | D:10     | Found a roughly hewn altar of Beogh.
 12888 | D:10     | XOM: noise
 12939 | D:10     | Noticed Sonja
 12939 | D:10     | XOM: swap weapons
 13007 | D:10     | XOM: medium Pois miscast
 13064 | D:10     | XOM: noise
 13101 | D:10     | Killed Sonja
 13199 | D:11     | XOM: stat loss: -1 Dex (10/11)
 13575 | D:11     | Reached skill level 11 in Polearms
 13596 | D:11     | XOM: noise
 13599 | D:11     | XOM: cast spell 'Excruciating Wounds'
 13701 | D:11     | Noticed a hill giant
 13718 | D:11     | XOM: cast spell 'Olgreb's Toxic Radiance'
 13731 | D:11     | Killed a hill giant
 13802 | D:11     | XOM: enchant monster (good)
 13868 | D:11     | XOM: mild Hex miscast
 13879 | D:11     | XOM: harmless Chrm miscast
 14185 | D:11     | Noticed a hill giant
 14185 | D:11     | Noticed a centaur warrior
 14186 | D:11     | Noticed a rakshasa
 14191 | D:11     | XOM: potion effect (might)
 14346 | Lair:1   | Entered Level 1 of the Lair of Beasts
 14679 | Lair:1   | XOM: mild Conj miscast
 14898 | Lair:1   | XOM: noise
 15300 | Lair:2   | Got a jewelled rapier
 15301 | Lair:2   | Identified the +7 rapier "Wisycerr" {freeze, +Inv rElec} (You found it on level 2 of the Lair of Beasts)
 15382 | Lair:2   | XOM: silly message
 15395 | Lair:2   | XOM: divination: magic mapping
 15424 | Lair:2   | XOM: silly message
 15433 | Lair:2   | XOM: silly message
 15455 | Lair:2   | XOM: harmless Divn miscast
 15569 | Lair:2   | XOM: potion effect (might)
 15623 | Lair:2   | XOM: potion effect (invisibility)
 15723 | Lair:3   | XOM: potion effect (agility)
 15738 | Lair:3   | XOM: noise
 15760 | Lair:3   | XOM: summons friendly quasit
 16009 | Lair:3   | XOM: god gift: scroll of immolation
 16188 | Lair:3   | XOM: summons 1 friendly demon
 16191 | Lair:3   | Reached skill level 12 in Polearms
 16482 | Lair:3   | XOM: cast spell 'Summon Small Mammal'
 16486 | Lair:3   | XOM: swap monsters
 16532 | Lair:3   | Reached XP level 12. HP: 37/81 MP: 23/23
 17268 | Lair:3   | XOM: god gift: wooden ring {god gift}
 17278 | Lair:3   | XOM: divination: detect creatures
 17333 | Lair:3   | XOM: summons friendly crimson imp
 17493 | Lair:3   | XOM: divination: detect creatures
 17535 | Lair:3   | XOM: confuse monster(s)
 17539 | Lair:3   | XOM: vitrification
 17632 | Lair:3   | XOM: summons friendly crimson imp
 17780 | Lair:3   | XOM: potion effect (experience)
 17780 | Lair:3   | Reached XP level 13. HP: 86/86 MP: 24/24
 17785 | Lair:3   | XOM: chaos cloud
 17788 | Lair:3   | Paralysed by you for 6 turns
 17971 | Lair:3   | Noticed an eight-headed hydra
 18044 | Lair:4   | XOM: god gift: 1050 gold pieces
 18134 | Lair:4   | XOM: god gift: 35 gold pieces
 18191 | Lair:4   | XOM: cast spell 'Warp Weapon'
 18257 | Lair:4   | XOM: summons 7 friendly demons
 18264 | Lair:4   | Reached skill level 13 in Polearms
 18356 | Lair:4   | XOM: fog
 18411 | Lair:4   | XOM: swap monsters
 18467 | Lair:4   | XOM: vitrification
 18677 | Lair:4   | Found a staircase to the Snake Pit.
 18708 | Lair:4   | XOM: swap monsters
 18750 | Lair:4   | XOM: fake destruction
 18775 | Lair:4   | XOM: noise
 18782 | Lair:4   | XOM: cast spell 'Summon Horrible Things'
 18835 | Lair:4   | XOM: god gift: scroll of immolation
 18846 | Lair:4   | XOM: chaos cloud
 18911 | Lair:4   | XOM: 2-stop teleportation journey
 18969 | Lair:4   | XOM: god gift: dog-eared book {god gift}
 18988 | Lair:4   | XOM: confuse monster(s)
 19256 | Lair:4   | XOM: summons 12 friendly demons
 19406 | Lair:4   | XOM: harmless Pois miscast
 19457 | Lair:4   | XOM: mild Chrm miscast
 19661 | Lair:4   | XOM: swap monsters
 19800 | Lair:4   | XOM: confuse monster(s)
 19803 | Lair:4   | Reached skill level 14 in Polearms
 19823 | Lair:4   | XOM: divination: detect items
 20141 | Lair:4   | XOM: confuse monster(s)
 20574 | Lair:4   | XOM: noise
 20738 | Lair:4   | XOM: mild Divn miscast
 20746 | Lair:4   | XOM: enchant monster (bad)
 20878 | Lair:4   | XOM: blink monster(s)
 20883 | Lair:4   | XOM: summons 5 friendly demons
 21359 | Lair:5   | XOM: god gift: 47 gold pieces
 21466 | Lair:5   | Found a staircase to the Shoals.
 21796 | Lair:5   | XOM: silly message
 21809 | Lair:5   | Reached XP level 14. HP: 62/93 MP: 25/25
 22007 | Lair:5   | Reached skill level 15 in Polearms
 22038 | Lair:5   | XOM: divination: detect creatures
 22379 | Lair:6   | XOM: noise
 22442 | Lair:5   | XOM: harmless Hex miscast
 22687 | Lair:6   | Found a staircase to the Slime Pits.
 22779 | Lair:6   | XOM: mild Erth miscast
 23021 | Lair:6   | XOM: mild Hex miscast
 23458 | Lair:7   | XOM: cast spell 'Cause Fear'
 23524 | Lair:7   | XOM: enchant monster (good)
 23530 | Lair:7   | XOM: enchant monster (good)
 23535 | Lair:7   | XOM: cast spell 'Cause Fear'
 23554 | Lair:7   | XOM: divination: detect creatures
 23559 | Lair:7   | XOM is BORED!
 23559 | Lair:7   | XOM: enchant monster (bad)
 23561 | Lair:7   | XOM: noise
 23569 | Lair:7   | XOM: confuse monster(s)
 23586 | Lair:7   | XOM: swap monsters
 23591 | Lair:7   | XOM: confuse monster(s)
 23653 | Lair:7   | XOM: potion effect (heal wounds)
 23746 | Lair:7   | XOM: enchant monster (good)
 23756 | Lair:7   | XOM: swap monsters
 23760 | Lair:7   | XOM: repel stairs
 23763 | Lair:7   | XOM: confusion
 24369 | D:8      | Bought a wand of heal wounds (6) for 900 gold pieces
 24522 | Lair:2   | Noticed a death yak
 24524 | Lair:2   | Noticed a death yak
 24524 | Lair:2   | Noticed a death yak
 24545 | Lair:2   | XOM: confuse monster(s)
 24549 | Lair:2   | Killed a death yak
 24568 | Lair:2   | XOM: harmless Divn miscast
 24584 | Lair:2   | XOM: enchant monster (good)
 24586 | Lair:2   | Killed a death yak
 24593 | Lair:2   | Killed a death yak
 24648 | Lair:2   | XOM: harmless Necr miscast
 24977 | Lair:3   | Killed an eight-headed hydra
 25099 | Lair:3   | XOM: noise
 25141 | Lair:3   | XOM: medium Hex miscast
 25174 | Lair:3   | XOM: mild Conj miscast
 25259 | Lair:2   | Reached skill level 16 in Polearms
 25276 | Lair:2   | XOM: mild Fire miscast
 25500 | Lair:7   | XOM: noise
 25583 | Lair:7   | XOM: divination: detect items
 25805 | Lair:7   | XOM: medium Pois miscast
 25962 | Lair:7   | XOM: potion effect (curing)
 26121 | Lair:7   | XOM: enchant monster (good)
 26200 | Lair:7   | XOM: cast spell 'Blink'
 26223 | Lair:6   | XOM: harmless Fire miscast
 26403 | Lair:6   | XOM: divination: detect creatures
 26832 | Lair:6   | XOM: harmless Pois miscast
 27111 | Lair:7   | XOM: summons friendly white imp
 27721 | Lair:7   | XOM: silly message
 27738 | Lair:7   | XOM: silly message
 27955 | Lair:7   | XOM: harmless Conj miscast
 28046 | Lair:7   | XOM: potion effect (might)
 28166 | Lair:6   | XOM: enchant monster (good)
 28175 | Lair:7   | XOM: god gift: crooked ivory wand {god gift}
 28177 | Lair:7   | Reached skill level 17 in Polearms
 28184 | Lair:7   | XOM: mild Divn miscast
 28363 | Lair:6   | XOM: god gift: tourmaline ring {god gift}
 28408 | Lair:7   | XOM: summons friendly shadow imp
 28422 | Lair:7   | XOM: summons friendly white imp
 28424 | Lair:7   | XOM: polymorph death yak -> catoblepas
 28441 | Lair:7   | XOM: enchant monster (bad)
 28443 | Lair:7   | XOM: chaos cloud
 28461 | Lair:7   | XOM: chaos cloud
 28462 | Lair:7   | Paralysed by you for 7 turns
 28472 | Lair:7   | XOM: cast spell 'Olgreb's Toxic Radiance'
 28707 | Lair:7   | XOM: potion effect (haste)
 28713 | Lair:7   | XOM: harmless Divn miscast
 28727 | Lair:7   | XOM: destruction
 28727 | Lair:7   | Reached XP level 15. HP: 46/98 MP: 26/26
 28788 | Lair:7   | XOM: harmless Hex miscast
 28815 | Lair:7   | XOM: mild Ice miscast
 28883 | Lair:7   | XOM: summons 11 friendly demons
 28906 | Lair:7   | XOM: god gift: meat ration
 28915 | Lair:7   | XOM: enchant monster (good)
 29063 | Lair:6   | XOM: divination: detect creatures
 29125 | Lair:7   | XOM: summons 2 friendly demons
 29386 | Lair:8   | Entered Level 8 of the Lair of Beasts
 29391 | Lair:8   | XOM: medium Chrm miscast
 29551 | Lair:8   | XOM: chaos cloud
 29599 | Lair:8   | XOM: summons 5 hostile shadow creatures
 29661 | Lair:6   | XOM: noise
 30057 | Lair:7   | XOM: mild Tloc miscast
 30473 | Lair:8   | XOM: summons 4 friendly demons
 30485 | Lair:8   | XOM: medium Chrm miscast
 30612 | Lair:7   | XOM: enchant monster (bad)
 30649 | Lair:7   | XOM: harmless Erth miscast
 30655 | Lair:7   | XOM: enchant monster (bad)
 30817 | Lair:6   | XOM: harmless Trmt miscast
 30956 | Lair:6   | XOM: summons 7 hostile demons
 31207 | Lair:6   | XOM: colour smoke trail
 31367 | Lair:8   | XOM: enchant monster (good)
 31534 | Lair:7   | XOM: harmless Chrm miscast
 31536 | Lair:7   | XOM: swap monsters
 31552 | Lair:7   | XOM: enchant monster (bad)
 31719 | Lair:7   | XOM: summons 7 hostile demons
 31828 | Lair:7   | XOM: vitrification
 31917 | Lair:7   | XOM: potion effect (agility)
 31928 | Lair:7   | XOM: noise
 31937 | Lair:7   | XOM: mild Chrm miscast
 32217 | Lair:7   | XOM: mild Fire miscast
 32282 | Lair:8   | Reached skill level 18 in Polearms
 32485 | Lair:8   | XOM is BORED!
 32485 | Lair:8   | XOM: summons 4 hostile shadow creatures
 32491 | Lair:8   | XOM: 2-stop teleportation journey
 32523 | Lair:8   | XOM: stat loss: -1 Str (20/21)
 32600 | Lair:8   | XOM: 1-stop teleportation journey
 32734 | Lair:8   | XOM: mild Erth miscast
 32738 | Lair:8   | XOM: blink monster(s)
 32744 | Lair:8   | XOM: cast spell 'Warp Weapon'
 32886 | Lair:8   | XOM: 3-stop teleportation journey
 33101 | Lair:8   | XOM: medium Hex miscast
 33236 | Lair:8   | XOM: chaos cloud
 33239 | Lair:8   | Paralysed by you for 6 turns
 33270 | Lair:8   | XOM: noise
 33272 | Lair:8   | XOM: destruction
 33281 | Lair:8   | XOM: swap monsters
 33283 | Lair:8   | XOM: enchant monster (bad)
 33288 | Lair:8   | Mangled by a death yak

Inventory:

Hand weapons
 a - a +4 glaive of electrocution (weapon)
 b - a +1 trident
 w - a +1 spear of venom
Armour
 g - a +1 pair of gloves (worn)
 h - a +2 helmet (worn)
 m - a +0 plate armour
 o - a cursed +0 cloak (worn)
 u - a +0 troll leather armour (worn)
Jewellery
 k - an uncursed ring of flight
 l - a +3 ring of strength (left hand)
 r - an amulet of resist corrosion (around neck)
 z - a +6 ring of evasion (right hand)
Magical devices
 c - a wand of heal wounds (0)
 e - a wand of fireball (2)
 j - a wand of confusion (21)
 v - a wand of heal wounds (0)
Scrolls
 f - 4 scrolls of magic mapping
 i - 2 scrolls of silence
 p - 5 scrolls of remove curse
 y - a scroll of fog
 A - 7 scrolls of identify

Table legend:
 A = Turns spent in this place as a percentage of turns spent in the entire game.
 B = Non-inter-level travel turns spent in this place as a percentage of non-inter-level travel turns spent in the entire game.
 C = Inter-level travel turns spent in this place as a percentage of turns spent in this place.
 D = Turns resting spent in this place as a percentage of non-inter-level travel turns spent in this place.
 E = Turns spent auto-exploring this place as a percentage of non-inter-level travel turns spent in this place.
 F = Non-inter-level travel turns spent in this place divided by the number of levels of this place that you've seen.
                   A       B       C       D       E      F
               +-------+-------+-------+-------+-------+----------------------
         Total | 100.0 | 100.0 |   0.5 |   5.1 |   6.2 | 568.2
       Dungeon |  40.6 |  40.5 |   0.7 |   3.8 |   9.0 | 397.7
          Lair |  59.4 |  59.5 |   0.5 |   5.9 |   4.3 | 802.6
               +-------+-------+-------+-------+-------+----------------------


   Skills:
 - Level 3.0 Fighting
 * Level 18.3 Polearms
 - Level 8.6 Armour
 - Level 8.1 Dodging
 - Level 7.9 Evocations


You had 14 spell levels left.
You didn't know any spells.

Dungeon Overview and Level Annotations

Branches:
Dungeon (11/15)            Temple (0/1) D:7            Lair (8/8) D:9
 Shoals (0/5) Lair:5        Snake (0/5) Lair:4        Slime (0/6) Lair:6
    Orc: D:9-12

Altars:
Elyvilon
Kikubaaqudgha
Makhleb
Okawaru
Ru
Vehumet
Xom
Beogh

Shops:
D:8 *   D:9 %

Annotations:
D:8 1 exclusion
Lair:3 exclusion: oklob plant
Lair:8 exclusion: oklob plant


Innate Abilities, Weirdness & Mutations

You do not eat or drink.
Your flesh is vulnerable to fire.
You are in touch with the powers of death.
You can restore your body by infusing magical energy.
Your flesh is cold resistant.
You are immune to negative energy.
Your system is resistant to poisons.
You are immune to unholy pain and torment.
You can survive without breathing.


Message History

The death yak completely misses you. The river rat completely misses you.
A yak appears from thin air!
The bush is engulfed in roaring flames.
The bush is engulfed in roaring flames.
The bush is destroyed!
The death yak gores you!
Read which item? (? for menu, Esc to quit)
Blink to where?
Press: ? - help, Dir - move target cursor
As you read the scroll of blinking, it crumbles to dust.
You are very lightly contaminated with residual magic. "This might be better!"
You swap places with the yak.
Some monsters swap places.
The yak looks rather confused.
The river rat looks rather confused.
The bush is engulfed in roaring flames.
The oklob plant spits acid at you. The splash of acid hits you! You resist.
The acid burns!
You resist. The river rat closely misses you.
Read which item? (? for menu, Esc to quit)
Okay, then.
Read which item? (? for menu, Esc to quit)
Okay, then.
Read which item? (? for menu, Esc to quit)
As you read the scroll of fog, it crumbles to dust.
The scroll dissolves into smoke.
The bush is engulfed in roaring flames.
The bush is destroyed!
The death yak gores you!
The river rat barely misses you. "Hum-dee-hum-dee-hum..."
The yak seems to speed up.
You slash the river rat!
You kill the river rat!
The death yak gores you!
Really walk into that cloud of flame?
Okay, then.
The yak barely misses you.
The elephant is engulfed in roaring flames.
Something gores you!!
Deactivating autopickup; reactivate with Ctrl-A.
The death yak gores you!
You die...
Xom chuckles heartily!

#.........#Y#.P.#....PP....)...#.
##............................P.#
##..P........÷%...§...P..........
#.............§§§....<...........
.......PP††..§§§§§...............
........P....§YP§Y...............
........8....§§§Y§...............
.8..........Y§§Y{YY..............
......8.........@......P...#.....
...8..................#..........
#......8......<..................
###......###..................P#.
#......## ##.................PP.
#PP###...## ##................P..
#######...## #.P.............P...
###.###...# ###.................
##§.÷÷.##..# ##............(...


You could see 2 death yaks, 2 elephants and 2 yaks.

Table legend:
 A = Kills in this place as a percentage of kills in entire the game.
 B = Kills by you in this place as a percentage of kills by you in the entire game.
 C = Kills by friends in this place as a percentage of kills by friends in the entire game.
 D = Other kills in this place as a percentage of other kills in the entire game.
 E = Experience gained in this place as a percentage of experience gained in the entire game.
 F = Experience gained in this place divided by the number of levels of this place that you have seen.
                   A       B       C       D       E      F
               +-------+-------+-------+-------+-------+----------------------
         Total | 100.0 | 100.0 | 100.0 | 100.0 | 100.0 | 5910.9
       Dungeon |  45.7 |  45.4 |  48.9 | 100.0 |  13.3 | 1362.2
          Lair |  54.3 |  54.6 |  51.1 |   0.0 |  86.7 | 12165.5
               +-------+-------+-------+-------+-------+----------------------

Vanquished Creatures
  3 hydras
  30 death yaks
  4 catoblepae
  A hill giant (D:11)
  Pikel (D:8)
  4 griffons
  A wolf spider (Lair:6)
  An ugly thing (D:11)
  A lindwurm (Lair:3)
  20 elephants
  Joseph (D:8)
  15 black mambas
  A rust devil (Lair:7)
  A gargoyle (D:10)
  16 spiny frogs
  A queen ant (Lair:4)
  An elf (D:10)
  13 komodo dragons
  2 trolls
  A tengu conjurer (D:8)
  A wandering mushroom (Lair:7)
  4 fire drakes
  Sonja (D:10)
  A two-headed ogre (D:8)
  2 polar bears (Lair:3)
  Grinder (D:3)
  3 ravens (D:8)
  2 basilisks
  23 blink frogs
  30 yaks
  A wyvern (Lair:7)
  6 hippogriffs
  19 wolves
  A human (Lair:2)
  13 soldier ants (Lair:4)
  14 water moccasins
  2 black bears
  6 porcupines
  6 orc warriors
  A yellow wasp (Lair:3)
  A phantom (D:7)
  5 ice beasts
  A sky beast (D:10)
  4 ogres
  3 boring beetles
  4 centaurs
  A boring beetle (shapeshifter) (Lair:4)
  12 crocodiles
  3 big kobolds
  18 giant frogs
  6 wights
  3 scorpions
  11 jellies
  10 killer bees
  4 crimson imps
  A goliath beetle (D:6)
  9 hounds
  7 orc priests
  A centaur zombie (D:6)
  5 quasits
  2 centaur skeletons
  Natasha (thrice) (D:3)
  10 orc wizards
  19 worker ants
  7 orange rats (Lair:7)
  4 iguanas
  An orange rat (shapeshifter) (D:10)
  19 sheep
  Terence (D:3)
  A hound skeleton (D:7)
  A worker ant zombie (D:10)
  Robin (D:2)
  28 adders
  4 gnolls (D:7)
  67 river rats
  2 shadow imps (Lair:7)
  2 white imps (Lair:6)
  7 worms
  2 ufetubi (Lair:7)
  6 giant geckos
  3 oozes
  55 orcs
  5 ball pythons
  22 bats
  A bat skeleton (D:7)
  8 giant cockroaches
  17 hobgoblins
  5 jackals
  25 kobolds
  13 quokkas
  5 giant newts
  14 goblins
  15 rats
  7 fungi
  3 plants
749 creatures vanquished.

Vanquished Creatures (collateral kills)
  3 hydras
  2 death yaks (Lair:7)
  An elephant (Lair:3)
  A black mamba (Lair:4)
  2 fire drakes
  4 blink frogs
  3 yaks (Lair:4)
  A wolf (Lair:4)
  A water moccasin (Lair:7)
  3 orc warriors (D:10)
  An ogre (D:10)
  2 porcupines
  A phantom (D:4)
  A boring beetle (Lair:3)
  A giant frog (D:7)
  2 crimson imps (D:4)
  An orc priest (D:10)
  2 orc wizards (D:4)
  A worker ant (Lair:4)
  An adder (D:4)
  A river rat (Lair:7)
  A worm (D:4)
  9 orcs
45 creatures vanquished.

Vanquished Creatures (others)
  A hydra (Lair:7)
  A large abomination (Lair:4)
  4 trapdoor spiders
  A slave (D:8)
  4 spiders (Lair:7)
  2 giant frogs
  5 crimson imps
  3 quasits
  An orc wizard (D:8)
  7 iron imps
  A river rat (Lair:8)
  2 adders (Lair:6)
  6 shadow imps
  7 white imps
  6 ufetubi
  An orc (D:8)
  A ballistomycete (D:11)
  6 bushes
  3 butterflies
  16 fungi
  12 plants
90 creatures vanquished.

Grand Total: 884 creatures vanquished

Action                   |  1- 3 |  4- 6 |  7- 9 | 10-12 | 13-15 || total
-------------------------+-------+-------+-------+-------+-------++-------
Melee: Spear             |   159 |   200 |   572 |  1061 |   316 ||  2308
       Flail             |       |       |    29 |       |       ||    29
       Trident           |       |       |    24 |   206 |   214 ||   444
       Glaive            |       |       |       |   103 |  1477 ||  1580
Throw: Throwing net      |       |       |       |       |     2 ||     2
 Abil: Evoke Invisibilit |       |       |       |     1 |       ||     1
Evoke: Wand              |       |     1 |    20 |    52 |    29 ||   102
       Sack of spiders   |       |       |       |       |     7 ||     7
       Phantom mirror    |       |       |       |       |     1 ||     1
  Use: Scroll            |       |     8 |    11 |    17 |    29 ||    65
 Stab: Paralysed         |     4 |       |       |     4 |     5 ||    13
       Distracted        |       |       |     1 |     1 |       ||     2
       Confused          |       |       |     2 |     5 |    12 ||    19
       Invisible         |       |       |       |     6 |       ||     6
       Petrified         |       |       |       |       |     9 ||     9
       Fleeing           |       |       |       |       |     1 ||     1
       Held in net/web   |       |       |       |       |     1 ||     1

Vault maps used:
D:1:      lightli_arrival_statuegarden
D:2:      first_bread, uniq_robin
D:3:      okawaru_trees_1, uniq_natasha, uniq_terence, uniq_grinder
D:4:      led_xom_imps, saegor_snake_ambush
D:5:      elyvilon_altar_4, kennysheep_generic_room_6
D:6:      bloody_makhleb, nrook_pool_corridor, grunt_potential
D:7:      minmay_temple_entry_junction, minmay_crossroads
D:8:      vehumet_crystals, minmay_lair_entry_lava, hangedman_tree_tricks,
          nicolae_good_shop, uniq_pikel, uniq_joseph
D:9:      nicolae_ru_awakened_eye, kiku_gazebo_pond_becter, erik_lair_boring,
          serial_shops, shop
D:10:     special_room, lemuel_old_faithful, uniq_sonja
D:11:     roderic_serpentine_path, minivault_28
Lair:1:   eino_small_chamber_without_monster
Lair:3:   minmay_lair_oklob_items, serial_bayou_shore_a, lemuel_fruit_fields,
          grunt_megastairs_2
Lair:4:   minmay_snake_entry_six_corridors, minmay_another_anthill
Lair:5:   shoals_dummy_entry, beast_lair_carwin_11
Lair:6:   nicolae_slime_entry_slimehenge, kennysheep_catoblepas_arena
Lair:7:   beast_lair_carwin_large_1, minivault_19
Lair:8:   evilmike_catoblepas_cave
